cohdb
Replays
Latest Replays
All Replays
Popular Replays
Top Player Replays
Match Explorer
How It Works
Community
CoH3 Stats
Reddit
Sign in to upload your games and track your stats! →
Sign in with Steam
Match 41226951
Unlisted
Match 41226951
Overview
Messages
Build Orders
End
Construct Infanterie Kompanie
Pioneer Squad
Selects Terror Battlegroup
Selects Machine Gun Camouflage
MG 42 Machine Gun Team
MG 42 Machine Gun Team
Selects Machine Gun Camouflage
Grenadier Squad
Construct Luftwaffe Kompanie
Flak 30 Anti-aircraft Gun Team
Jäger Squad
Jäger Squad
Construct Panzer Kompanie
Support Elements
Wirbelwind Flakpanzer
Luftwaffe Officer Quarters
Marder III M Tank Destroyer
カルト_くん
Legion
ZOMBIEGIRL
BONES
0
0
Comments
sign in to comment!
No comments posted yet!